 Dungeon Crawl Stone Soup version 0.16.1-11-g651b585 (webtiles) character file.

116 jacksonaction the Skirmisher (level 4, 2/37 HPs)
             Began as a Demonspawn Abyssal Knight on Apr 2, 2015.
             Was a Believer of Lugonu.
             Quit the game on level 2 of the Dungeon.
             The game lasted 00:15:12 (2221 turns).

jacksonaction the Skirmisher (DsAK)                 Turns: 2221, Time: 00:15:12

Health: 2/37       AC:  3    Str: 13    XL:     4   Next: 70%
Magic:  7/7        EV: 11    Int: 13    God:    Lugonu [**....]
Gold:   64         SH:  0    Dex: 13    Spells: 0 memorised, 3 levels left

rFire  . . .     SeeInvis .     a - +1 mace
rCold  . . .     Clarity  .     b - +0 leather armour
rNeg   . . .     SustAb   .     (no shield)
rPois  .         Gourm    .     (no helmet)
rElec  .         Spirit   .     (no cloak)
rCorr  .         Warding  .     (no gloves)
rMut   .         Stasis   .     (no boots)
MR     .....                    (no amulet)
Stlth  +.........               (no ring)
                                (no ring)

@: not resistant to hostile enchantments, very unstealthy
A: hooves 1, foul stench 1, rot immunity
a: Depart the Abyss, Bend Space, Renounce Religion


You were on level 2 of the Dungeon.
You worshipped Lugonu.
Lugonu was pleased with you.
You were not hungry.

You visited 1 branch of the dungeon, and saw 3 of its levels.
You visited the Abyss 1 time.

You collected 64 gold pieces.

Inventory:

Hand weapons
 a - a +1 mace (weapon)
Missiles
 s - 2 tomahawks (quivered)
Armour
 b - a +0 leather armour (worn)
 f - a +0 ring mail
Jewellery
 g - an uncursed amulet of stasis
Scrolls
 d - 4 scrolls of remove curse {unknown}
 i - a scroll of enchant armour {unknown}
 p - a scroll of immolation {unknown}
Potions
 e - a potion of resistance {unknown}
 j - a potion of cure mutation {unknown}
 l - a potion of restore abilities {unknown}
 n - a potion of heal wounds {unknown}
 o - a potion of invisibility
Miscellaneous
 k - a plain deck of changes
Comestibles
 c - a bread ration
 h - a beef jerky
 m - a meat ration
 q - 2 slices of pizza
 r - a chunk of flesh


   Skills:
 + Level 4.3 Fighting
 + Level 3.0 Maces & Flails
 - Level 1.7 Armour
 - Level 0.8 Dodging
 - Level 3.4 Invocations


You had 3 spell levels left.
You didn't know any spells.

Dungeon Overview and Level Annotations

Branches:
Dungeon (3/15)

Altars:
Nemelex Xobeh


Innate Abilities, Weirdness & Mutations

You have large cloven feet.
You emit a foul stench.
You are immune to rotting.


Message History

The orc throws a stone.
The stone hits you but does no damage.
You see here a stone.
The orc throws a stone.
The stone misses you.
Use which ability? (? or * to list) Space bends around you!
You blink.
* * * LOW HITPOINT WARNING * * *
You feel slightly more hungry.
Things that are here:
a whip; a leather armour The orc throws a stone.
The stone hits you but does no damage.
You see here a stone.
The orc throws a stone.
The stone hits you but does no damage.
You see here a stone.
The orc throws a stone.
The stone hits you but does no damage.
You see here a stone.
The orc throws a stone.
The stone closely misses you.
There is a stone staircase leading up here.
You climb upwards.
There is a stone staircase leading down here.
Are you sure you want to abandon this character and quit the game? (Confirm with "yes".)

......#####...............#
..##'#######........#######
..##.##...##........#######
..##.......##+##.##.......#
#######....##..#.##.#####.#
#....##..#.##_#.###.#
#....##....##.#...#.# ###
#....##.#..##.#.#.#.# #.#
#....##'#.@##.#.#.#.#####.#
#...........#.#)#.#.......#
#...........#.#.#.#######.#
#...........#.#.#.######...
#...........#.#.#........##
#...........#......#####.##
#...............##.# #...
#............#####.########
#............# #..........#


There were no monsters in sight!

Vanquished Creatures
  An orc priest (D:3)
  Terence (D:3)
  A giant mite (D:2)
  2 worms (D:2)
  3 oozes
  An orc (D:3)
  2 giant cockroaches (D:1)
  2 goblins
  8 hobgoblins
  5 jackals
  A quokka (D:2)
  2 ball pythons (D:1)
  3 bats
  3 giant geckos
  8 giant newts
  5 kobolds
  6 rats
54 creatures vanquished.

Notes
Turn   | Place    | Note
--------------------------------------------------------------
     0 | Abyss:1  | jacksonaction, the Demonspawn Abyssal Knight, began the quest for the Orb.
     0 | Abyss:1  | Reached XP level 1. HP: 18/18 MP: 1/1
     0 | D:1      | Escaped the Abyss
   162 | D:1      | Acquired Lugonu's first power
   243 | D:1      | Gained mutation: You are immune to rotting. [demonic ancestry]
   243 | D:1      | Reached XP level 2. HP: 17/24 MP: 2/2
   874 | D:1      | Gained mutation: You have large cloven feet. [demonic ancestry]
   874 | D:1      | Reached XP level 3. HP: 26/29 MP: 5/5
   877 | D:1      | Acquired Lugonu's second power
  1158 | D:2      | Found a sparkling altar of Nemelex Xobeh.
  1648 | D:2      | Reached skill level 4 in Fighting
  1935 | D:3      | Gained mutation: You emit a foul stench. [demonic ancestry]
  1935 | D:3      | Reached XP level 4. HP: 37/37 MP: 7/7
  1964 | D:3      | Noticed Terence
  1989 | D:3      | Killed Terence
  2209 | D:3      | HP: 1/37 [spatial distortion (4)]
  2221 | D:2      | Quit the game

Action                   |  1- 3 |  4- 6 || total
-------------------------+-------+-------++-------
Melee: Mace              |   141 |    45 ||   186
Invok: Depart the Abyss  |     1 |       ||     1
       Bend Space        |       |     1 ||     1
 Stab: Distracted        |     1 |       ||     1
  Eat: Chunk             |     3 |     2 ||     5
